 Dungeon Crawl Stone Soup version 0.30-a0-218-gedb9141078 (webtiles) character file.

Game seed: 14056461082889991876

36 Flugkiller the Magician (level 3, -1/24 HPs)
             Began as a Mummy Earth Elementalist on Oct 5, 2022.
             Slain by a hobgoblin (3 damage)
             ... on level 1 of the Dungeon.
             The game lasted 00:01:37 (1313 turns).

Flugkiller the Magician (Mummy Earth Elementalist)  Turns: 1313, Time: 00:01:37

Health: -1/24      AC:  2    Str: 11    XL:     3   Next: 19%
Magic:  0/7        EV: 12    Int: 16    God:
Gold:   78         SH:  0    Dex: 12    Spells: 7/8 levels left

rFire   x . .      SeeInvis .    e - +0 hand axe (venom)
rCold   + . .      Faith    +    (no shield)
rNeg    + + +      Spirit   .    a - +0 robe
rPois   ∞          Reflect  .    (no helmet)
rElec   .          Harm     .    (no cloak)
rCorr   .          Rampage  .    (no gloves)
Will    .....                    (no boots)
Stlth   ++........               (no amulet)
HPRegen 0.24/turn                (no ring)
MPRegen 0.10/turn                (no ring)

@: very slightly contaminated
A: cold resistance 1, negative energy resistance 3, torment resistance 2, heat
vulnerability 1, in touch with death 1, no potions, faith
a: no special abilities


You were on level 1 of the Dungeon.
You visited 1 branch of the dungeon, and saw 2 of its levels.

You collected 78 gold pieces.

Inventory:

Hand Weapons
 c - a +0 whip
   (You took it off a kobold on level 1 of the Dungeon)
 d - a +0 trident
   (You found it on level 1 of the Dungeon)
 e - a +0 hand axe of venom (weapon)
   (You found it on level 1 of the Dungeon)
Armour
 a - a +0 robe (worn)
Scrolls
 b - a scroll of magic mapping {unknown}


   Skills:
 - Level 1.9 Dodging
 - Level 2.0 Stealth
 + Level 3.2 Spellcasting
 - Level 1.2 Transmutations
 + Level 2.7 Earth Magic


You had 7 spell levels left.
You knew the following spells:

 Your Spells              Type           Power      Damage    Failure   Level
a - Sandblast             Erth           22%        2d7       6%          1

Your spell library contained the following spells:

 Spells                   Type           Power      Damage    Failure   Level
 Passwall                 Tmut/Erth      6%         N/A       12%         2
 Shock                    Conj/Air       8%         1d3       19%         1
 Stone Arrow              Conj/Erth      14%        3d7       30%         3
 Swiftness                Air            2%         N/A       50%         3
 Petrify                  Tmut/Erth      8%         N/A       63%         4
 Airstrike                Air            1%         2d(1-17)  88%         4


Dungeon Overview and Level Annotations

Branches:
Dungeon (2/15) Zot: 10660

Altars:
Qazlal

Annotations:
D:2 Sigmund


Innate Abilities, Weirdness & Mutations

You are immune to poison.
Your flesh is cold resistant. (rC+)
You are immune to negative energy. (rN+++)
You are immune to unholy pain and torment.
You are vulnerable to heat. (rF-)
You are in touch with the powers of death.
You do not drink.
You have a special connection with the divine. (Faith)


Message History

The hobgoblin hits you. The hobgoblin attacks as you move away!
The hobgoblin closely misses you. The hobgoblin misses you.
Things that are here:
a stone; a +0 club; a kobold corpse The hobgoblin attacks as you move away!
The hobgoblin closely misses you. The hobgoblin attacks as you move away!
The hobgoblin barely misses you.
There is a stone staircase leading up here.
The hobgoblin hits you.
You climb upwards.
There is a stone staircase leading down here.
You hit the hobgoblin.
The hobgoblin is poisoned.
The hobgoblin is severely wounded.
You kill the hobgoblin!
No target in view!
You start resting.
HP restored.
You climb downwards.
Level annotation: Sigmund The quokka bites you.
The hobgoblin hits you. The quokka barely misses you.
There is a stone staircase leading up here.
The quokka bites you. The hobgoblin hits you.
You climb upwards.
There is a stone staircase leading down here.
You hit the quokka.
The quokka is heavily wounded.
You completely miss the hobgoblin. The quokka bites you.
The hobgoblin hits you. The quokka barely misses you.
The hobgoblin closely misses you.
You are too injured to fight recklessly!
Casting: Sandblast (safe; 6% risk of failure)
Confirm with . or Enter, or press ? or * to list all spells.
Aiming: Sandblast (safe; 6% risk of failure)
Press: ? - help, Shift-Dir - straight line, f - quokka
Aim: a quokka (heavily wounded, 75% to hit)
The blast of sand misses the quokka.
The quokka bites you. The hobgoblin hits you.
The quokka bites you but does no damage.
Casting: Sandblast (safe; 6% risk of failure)
Confirm with . or Enter, or press ? or * to list all spells.
Aiming: Sandblast (safe; 6% risk of failure)
Press: ? - help, Shift-Dir - straight line, f/p - quokka
Aim: a quokka (heavily wounded, 75% to hit)
You miscast Sandblast.
You are very lightly contaminated with residual magic.
Nothing appears to happen.
The hobgoblin hits you. The quokka barely misses you.
Casting: Sandblast (safe; 6% risk of failure)
Confirm with . or Enter, or press ? or * to list all spells.
Aiming: Sandblast (safe; 6% risk of failure)
Press: ? - help, Shift-Dir - straight line, f/p - quokka
Aim: a quokka (heavily wounded, 75% to hit)
The blast of sand hits the quokka.
The quokka is almost dead.
The quokka barely misses you. The hobgoblin hits you.
* * * LOW HITPOINT WARNING * * *
The quokka bites you but does no damage.
The hobgoblin closely misses you.
Casting: Sandblast (safe; 6% risk of failure)
Confirm with . or Enter, or press ? or * to list all spells.
Aiming: Sandblast (safe; 6% risk of failure)
Press: ? - help, Shift-Dir - straight line, f/p - quokka
Aim: a quokka (almost dead, 75% to hit)
The blast of sand misses the quokka.
The quokka bites you.
* * * LOW HITPOINT WARNING * * *
The hobgoblin hits you.
* * * LOW HITPOINT WARNING * * *
The quokka completely misses you.
Casting: Sandblast (safe; 6% risk of failure)
Confirm with . or Enter, or press ? or * to list all spells.
Aiming: Sandblast (safe; 6% risk of failure)
Press: ? - help, Shift-Dir - straight line, f/p - quokka
Aim: a quokka (almost dead, 75% to hit)
The blast of sand hits the quokka.
You kill the quokka!
The hobgoblin barely misses you. The hobgoblin hits you.
* * * LOW HITPOINT WARNING * * *
Casting: Sandblast (safe; 6% risk of failure)
Confirm with . or Enter, or press ? or * to list all spells.
Aiming: Sandblast (safe; 6% risk of failure)
Press: ? - help, Shift-Dir - straight line, f - hobgoblin
Aim: a hobgoblin (82% to hit)
You miscast Sandblast.
Nothing appears to happen.
The hobgoblin hits you.
* * * LOW HITPOINT WARNING * * *
Casting: Sandblast (safe; 6% risk of failure)
Confirm with . or Enter, or press ? or * to list all spells.
Aiming: Sandblast (safe; 6% risk of failure)
Press: ? - help, Shift-Dir - straight line, f/p - hobgoblin
Aim: a hobgoblin (82% to hit)
The blast of sand misses the hobgoblin.
The hobgoblin hits you.
* * * LOW HITPOINT WARNING * * *
Casting: Sandblast (safe; 6% risk of failure)
Confirm with . or Enter, or press ? or * to list all spells.
Aiming: Sandblast (safe; 6% risk of failure)
Press: ? - help, Shift-Dir - straight line, f/p - hobgoblin
Aim: a hobgoblin (82% to hit)
The blast of sand hits the hobgoblin.
The hobgoblin is heavily wounded.
The hobgoblin hits you.
You die...

#.....##.....#####.#.#.# #..
#.#..####.......##...#.# #..
#.##.#....#.#.#.##.###.###.#
#..#.#.#........##...#.#....
##.#.#.##.#.#.#..#.....#.#.#
#.#.#.##..............#.#..
#.#.#.##.#.#.#..[.....#.##.
#.#.#.#............###.....
#...#.....@........+....(##
###.#.....g........#....#'.
#................#....#..
##...............#....#..
#######'##......#....#..
#.......####.#....#..
#.......#....#....#..
##......#.#####...#..
#####......#........###.


You could see a hobgoblin.

Vanquished Creatures
  A worm (D:2)
  3 endoplasms (D:1)
  A giant cockroach (D:1)
  A goblin (D:1)
  3 hobgoblins (D:1)
  7 kobolds
  2 quokkas (D:1)
  6 ball pythons (D:1)
  5 bats (D:1)
  2 rats (D:1)
31 creatures vanquished.

Notes
Turn   | Place    | Note
-------+----------+-------------------------------------------
     0 | D:1      | Flugkiller the Mummy Earth Elementalist began the quest for
                  | the Orb.
     0 | D:1      | Reached XP level 1. HP: 13/13 MP: 4/4
   235 | D:1      | Reached skill level 1 in Transmutations
   278 | D:1      | Reached XP level 2. HP: 18/19 MP: 3/5
   349 | D:1      | Reached skill level 3 in Spellcasting
  1097 | D:2      | Noticed Sigmund
  1130 | D:1      | Gained mutation: You are in touch with the powers of death.
                  | [Mummy growth]
  1130 | D:1      | Reached XP level 3. HP: 24/24 MP: 4/7
  1208 | D:2      | Found a stormy altar of Qazlal.
  1312 | D:1      | HP: 1/24 [hobgoblin (2)]
  1313 | D:1      | Slain by a hobgoblin

Illustrated notes

Levels and vault maps discovered:
D:1:      minmay_arrival_four_loops, layout_basic, serial_co_window_serial,
          co_window_corner_a, co_window_paths_a, co_window_of_opportunity_a,
          co_window_corner_a, co_window_corner_a, co_window_paths_a,
          co_window_of_opportunity_a, co_window_paths_b, co_window_paths_a,
          co_window_unsneaky_path_c, co_window_broadway_b, co_window_corner_b,
          co_window_paths_c, glass_columns_b, glass_columns_b, glass_columns_a,
          glass_columns_a
D:2:      minmay_roachtagon, layout_basic, serial_shops, shop,
          shapermc_ecumenical_altar_notcrosses, basic_altar,
          nicolae_hexahallways, uniq_robin, uniq_sigmund, uniq_jessica

Skill      XL: |  1  2 |
---------------+-------+-----
Transmutations | 1 |  1.2
Spellcasting   | 3 |  3.2
Stealth        | 2 |  2.0
Dodging        | |  1.9
Earth Magic    | |  2.7

Action                   || total
-------------------------++-------
Melee: Whip              ||     2
       Unarmed           ||     1
       Hand axe          ||     2
 Cast: Sandblast         ||    47
Armor: Robe              ||    10
Dodge: Dodged            ||    34

Table legend: (Time is in decaauts)
 A = Elapsed time spent in this place.
 B = Non-inter-level travel time spent in this place.
 C = Inter-level travel time spent in this place.
 D = Time resting spent in this place.
 E = Time spent auto-exploring this place.
 F = Levels seen in this place.
 G = Mean time per level.
                   A        B        C        D        E       F      G
               +--------+--------+--------+--------+--------+-----+--------+
         Total |   1338 |   1197 |    141 |    247 |    708 |   2 |  669.0 |
       Dungeon |   1338 |   1197 |    141 |    247 |    708 |   2 |  669.0 |
               +--------+--------+--------+--------+--------+-----+--------+

Top non-repeatable levels by time:
     D:1: 1297 daAuts
     D:2: 40 daAuts
